 Dungeon Crawl Stone Soup version 0.28.0-47-ge53b351184 (webtiles) character file.

Game seed: 6754924585341664885

46 Eitelfritz the Sneak (level 3, -1/22 HPs)
             Began as a Kobold Brigand on Apr 27, 2022.
             Slain by a kobold
             ... wielding a +0 mace
              (6 damage)
             ... on level 2 of the Dungeon.
             The game lasted 00:03:38 (1607 turns).

Eitelfritz the Sneak (Kobold Brigand)               Turns: 1607, Time: 00:03:38

Health: -1/22      AC:  3    Str:  8    XL:     3   Next: 92%
Magic:  3/3        EV: 14    Int: 12    God:
Gold:   82         SH:  0    Dex: 18    Spells: 2/2 levels left

rFire   . . .      SeeInvis +   a - +0 dagger (flame)
rCold   . . .      Faith    .   (no shield)
rNeg    . . .      Spirit   .   b - +0 robe
rPois   .          Reflect  .   (no helmet)
rElec   .          Harm     .   c - +0 cloak
rCorr   .          Rampage  .   (no gloves)
Will    .....                   (no boots)
Stlth   +++++.....              (no amulet)
HPRegen 0.07/turn               n - ring of see invisible
MPRegen 0.08/turn               (no ring)

@: no status effects
A: small, no large weapons, nightstalker 3
a: no special abilities


You were on level 2 of the Dungeon.
You visited 1 branch of the dungeon, and saw 2 of its levels.

You collected 82 gold pieces.

Inventory:

Hand Weapons
 a - a +0 dagger of flaming (weapon)
 q - a +2 dagger
Missiles
 d - 11 poisoned darts (quivered)
 e - 2 curare-tipped darts
Armour
 b - a +0 robe (worn)
 c - a +0 cloak (worn)
Jewellery
 n - a ring of see invisible (left hand)
Scrolls
 f - a scroll of vulnerability {unknown}
 g - a scroll of enchant weapon {unknown}
 h - a scroll of brand weapon {unknown}
 i - a scroll of silence {unknown}
 j - a scroll of teleportation {unknown}
 l - a scroll of fear {unknown}
 r - a scroll of immolation {unknown}
Potions
 k - a potion of cancellation {unknown}
 m - a potion of haste {unknown}
 o - a potion of berserk rage {unknown}
 p - 2 potions of curing {unknown}
 s - a potion of flight {unknown}


   Skills:
 + Level 2.4 Fighting
 + Level 3.1 Short Blades
 + Level 2.3 Throwing
 + Level 1.7 Dodging
 + Level 6.6 Stealth


You had 2 spell levels left.
You didn't know any spells.
Your spell library was empty.

Dungeon Overview and Level Annotations

Branches:
Dungeon (2/15)

Altars:

Shops:
D:2 =(


Innate Abilities, Weirdness & Mutations

You are small and have problems with some larger weapons.
You are completely attuned to the shadows.


Message History

The ball python is heavily wounded.
The ball python closely misses you. x2
You barely miss the ball python.
The ball python is heavily wounded.
The ball python closely misses you. x2
You hit the ball python. You burn the ball python.
You kill the ball python!
Press: ? - help, v - describe, . - travel
Here: a kobold, wielding a +0 mace and wearing a +0 ring mail (strong)
The floor.
Unknown command.
The kobold barely misses you.
You hit the kobold. You burn the kobold.
The kobold is heavily wounded.
The kobold closely misses you.
You hit the kobold but do no damage.
The kobold is heavily wounded.
The kobold barely misses you.
You closely miss the kobold.
The kobold is heavily wounded.
The kobold barely misses you.
You closely miss the kobold.
The kobold is heavily wounded.
The kobold closely misses you.
You closely miss the kobold.
The kobold is heavily wounded.
The kobold hits you with a +0 mace.
You barely miss the kobold.
The kobold is heavily wounded.
You hit the kobold but do no damage.
The kobold is heavily wounded.
The kobold hits you with a +0 mace.
* * * LOW HITPOINT WARNING * * *
You hit the kobold but do no damage.
The kobold is heavily wounded.
The kobold closely misses you.
You hit the kobold but do no damage.
The kobold is heavily wounded.
The kobold hits you with a +0 mace.
You die...

###.....#
#....##..##.......# #.
.#####
#.#..##...+.......####.
#.#..##.###............
#....##.# #.......#####
#.[..##.# #.......#
###########...##.#
####'####
#.........#......# #.#
#.#######.#...##.# #.#
.#†#######.#...K@.#
#.#######
.........#.###..#.#
#.......#
.........#......#.#
#######.#
.........#####....#
#...#.# .#'######
#.#..# #...).# ##.
#.#.>##########.### # .
#.#.............# ..
#.#'#############
#####..g #...........#


You could see a kobold.

Vanquished Creatures
  An adder (D:2)
  A worm (D:2)
  A dart slug (D:1)
  6 ball pythons
  3 endoplasms
  A giant cockroach (D:1)
  3 goblins
  A hobgoblin (D:1)
  3 jackals (D:1)
  3 quokkas (D:1)
  A bat (D:2)
  A frilled lizard (D:1)
  3 kobolds (D:1)
  A rat (D:1)
  A spectral hobgoblin (D:1)
30 creatures vanquished.

Notes
Turn   | Place    | Note
-------+----------+-------------------------------------------
     0 | D:1      | Eitelfritz the Kobold Brigand began the quest for the Orb.
     0 | D:1      | Reached XP level 1. HP: 12/12 MP: 1/1
   222 | D:1      | Reached XP level 2. HP: 13/17 MP: 2/2
   300 | D:1      | Found a faded altar of an unknown god.
   536 | D:1      | Reached skill level 6 in Stealth
   663 | D:1      | Reached XP level 3. HP: 19/21 MP: 3/3
  1166 | D:2      | Found Huint's Jewellery Shoppe.
  1403 | D:2      | Found Luhical's Weapon Shop.
  1607 | D:2      | Slain by a kobold

Illustrated notes

Levels and vault maps discovered:
D:1:      minmay_arrival_loop, layout_loops_ring,
          dreamdust_ecumenical_altar_drowned_temple
D:2:      layout_basic, serial_shops, nicolae_shop_bloodbath_and_beyond,
          nicolae_square_shop, minmay_misc_feat_nine_boxes

Skill      XL: |  1  2  3 |
---------------+----------+-----
Stealth        | 6 |  6.6
Short Blades   | 3 |  3.1
Fighting       | |  2.4
Throwing       | |  2.3
Dodging        | |  1.7

Action                   || total
-------------------------++-------
Melee: Dagger            ||    92
 Stab: Sleeping          ||    18
       Distracted        ||     1
Armor: Robe              ||    12
Dodge: Dodged            ||    38
